 Dungeon Sprint DCSS version 0.17-a0-1748-g222fba8 (webtiles) character file.

2700000 ztt the Plane Walker (level 19, -16/207 HPs)
             Began as a Ghoul Warper on Sept 1, 2015.
             Was a High Priest of Makhleb.
             Demolished by a destroyer
             ... wielding a +9 great sword of slicing
              (32 damage)
             ... in the Dungeon (Sprint VIII: "Arena of Blood").
             The game lasted 00:00:38 (27 turns).

ztt the Plane Walker (Ghoul Warper)                   Turns: 27, Time: 00:00:38

Health: -16/207    AC:  4    Str: 17    XL:     19   Next: 64%
Magic:  9/45       EV: 26    Int:  8    God:    Makhleb [*****.]
Gold:   0          SH:  0    Dex: 14    Spells: 1 memorised, 63 levels left

rFire  . . .     SeeInvis .     k - +∞ Axe of Woe
rCold  + . .     Clarity  .     a - +0 leather armour
rNeg   + + +     SustAt   .     (no shield)
rPois  ∞         Gourm    .     (no helmet)
rElec  .         Spirit   .     (no cloak)
rCorr  .         Warding  .     (no gloves)
rMut   .         NoTele   +     (no boots)
MR     +....                    (no amulet)
Stlth  +.........               (no ring)
                                (no ring)

@: rotting, somewhat resistant to hostile enchantments, very unstealthy
A: rotting body, claws 1, carnivore 3, cold resistance 1, negative energy
resistance 3, slow healing 1, torment resistance, unbreathing
a: Minor Destruction, Lesser Servant of Makhleb, Major Destruction, Greater
Servant of Makhleb, Renounce Religion


You were in the Dungeon.
You worshipped Makhleb.
Makhleb was extremely pleased with you.
You were not hungry.

You visited 1 branch

Inventory:

Hand weapons
 k - the +∞ Axe of Woe (weapon)
   (You found it in the Dungeon)
Missiles
 d - 5 tomahawks of dispersal (quivered)
Armour
 a - a +0 leather armour (worn)
Scrolls
 c - 2 scrolls of blinking
Potions
 f - a potion of curing
 g - a potion of heal wounds
 h - a potion of haste
 i - 2 potions of magic
 j - a potion of berserk rage
Books
 b - a book of Spatial Translocations

   Spells                             Type                      Level
   a - Apportation                    Translocation                1
   b - Blink                          Translocation                2
   c - Shroud of Golubria             Charms/Translocation         2
   d - Portal Projectile              Translocation                3
   e - Teleport Other                 Translocation                3
   f - Passage of Golubria            Translocation                4
Comestibles
 e - a meat ration


   Skills:
 O Level 27 Fighting
 + Level 17.8 Axes
 + Level 11.2 Throwing
 + Level 11.4 Armour
 + Level 22.2 Dodging
 + Level 25.0 Unarmed Combat
 + Level 23.0 Spellcasting
 O Level 27 Translocations


You had 63 spell levels left.
You knew the following spells:

 Your Spells              Type           Power        Failure   Level  Hunger
a - Apportation           Tloc           ######....   0%          1    None


Dungeon Overview and Level Annotations

Branches:
Dungeon (1/1)

Altars:
Makhleb


Innate Abilities, Weirdness & Mutations

Your body is rotting away.
You thrive on raw meat.
You are immune to poison.
You have sharp fingernails.
You are carnivorous and can eat meat at any time.
Your flesh is cold resistant.
You are immune to negative energy.
You heal slowly when monsters are visible.
You are immune to unholy pain and torment.
You can survive without breathing.


Message History

You destroy the destroyer!
Makhleb accepts your kill.
You feel better.
You have mastered Fighting!
Your Axes skill gained 2 levels and is now at level 17!
Your Throwing skill increases to level 11!
Your Armour skill increases to level 11!
Your Dodging skill gained 2 levels and is now at level 22!
Your Unarmed Combat skill gained 2 levels and is now at level 25!
Your Spellcasting skill gained 2 levels and is now at level 23!
You are engulfed in roaring flames.
You hear a shout! x5
The meat berserker rages.
You hear a shout! x2
The bag of meat is engulfed in roaring flames.
The bag of meat hits you with a +9 war axe!!
The destroyer hits you with a +9 great sword of slicing!!!!
Ouch! That really hurt!
* * * LOW HITPOINT WARNING * * *
You die... ..C..##o #O# ooooo..

.. ..
###o.oOo##o##...
...o...o.........
....ooo..o#.#.....
..%..o%oo.%.......
#....ooo§o........
.#....V@§C........
.O.....§§..%......
....%........V...
.....#...V...#..
.....#.......# ..
...###V......###...
........###).......
#.......V_.).......
....#..))V#......


You could see 5 destroyers, 2 large bags of meat, 3 meat berserkers and 23 bags
of meat.

Vanquished Creatures
  A vampire knight (D)
  4 ogres (D)
  8 orcs (D)
  A hill giant (D)
14 creatures vanquished.

Notes
Turn   | Place    | Note
--------------------------------------------------------------
     0 | D        | ztt the Ghoul Warper began the quest for the Orb.
     0 | D        | Reached XP level 1. HP: 17/17 MP: 2/2
     4 | D        | Noticed a bag of meat
     4 | D        | Became a worshipper of Makhleb the Destroyer
     5 | D        | Noticed a meat berserker
     5 | D        | Noticed a bag of meat
     6 | D        | Noticed a bag of meat
     7 | D        | Killed a meat berserker
     7 | D        | Reached skill level 12 in Fighting
     7 | D        | Reached skill level 20 in Translocations
     7 | D        | Reached XP level 2. HP: 20/42 MP: 2/13
     7 | D        | Reached XP level 3. HP: 23/49 MP: 2/15
     7 | D        | Reached XP level 4. HP: 26/57 MP: 2/16
     7 | D        | Reached XP level 5. HP: 28/63 MP: 2/18
     7 | D        | Reached XP level 6. HP: 31/71 MP: 2/19
     7 | D        | Reached XP level 7. HP: 34/78 MP: 2/21
     7 | D        | Reached XP level 8. HP: 37/85 MP: 2/22
     7 | D        | Reached XP level 9. HP: 40/92 MP: 2/23
     7 | D        | Reached XP level 10. HP: 43/100 MP: 2/24
     7 | D        | Reached XP level 11. HP: 45/106 MP: 2/25
     7 | D        | Reached XP level 12. HP: 47/113 MP: 2/26
     7 | D        | Reached XP level 13. HP: 49/119 MP: 2/27
     8 | D        | Killed a bag of meat
     8 | D        | Acquired Makhleb's first power
     8 | D        | Reached skill level 5 in Throwing
     8 | D        | Reached skill level 5 in Armour
     8 | D        | Reached skill level 22 in Translocations
     8 | D        | Reached XP level 14. HP: 52/132 MP: 2/30
     9 | D        | Noticed a bag of meat
     9 | D        | Noticed a bag of meat
    10 | D        | Killed a bag of meat
    10 | D        | Reached skill level 1 in Axes
    10 | D        | Reached skill level 23 in Translocations
    11 | D        | Noticed a bag of meat
    11 | D        | Noticed a meat berserker
    11 | D        | Killed a bag of meat
    11 | D        | Acquired Makhleb's second power
    11 | D        | Reached skill level 15 in Fighting
    11 | D        | Reached skill level 15 in Unarmed Combat
    11 | D        | Reached skill level 24 in Translocations
    11 | D        | Reached XP level 15. HP: 62/143 MP: 3/32
    11 | D        | Killed a bag of meat
    11 | D        | Reached skill level 15 in Spellcasting
    11 | D        | Reached skill level 25 in Translocations
    11 | D        | Noticed a bag of meat
    12 | D        | Killed a meat berserker
    12 | D        | Acquired Makhleb's third power
    12 | D        | Reached skill level 5 in Axes
    12 | D        | Reached skill level 15 in Dodging
    12 | D        | Reached skill level 27 in Translocations
    12 | D        | Reached XP level 16. HP: 116/157 MP: 3/35
    13 | D        | Noticed a bag of meat
    14 | D        | Noticed a meat berserker
    15 | D        | Killed a bag of meat
    16 | D        | Noticed a meat berserker
    16 | D        | Killed a bag of meat
    16 | D        | Reached XP level 17. HP: 143/170 MP: 5/38
    16 | D        | Killed a bag of meat
    16 | D        | Acquired Makhleb's fourth power
    17 | D        | Killed a bag of meat
    17 | D        | Reached skill level 10 in Axes
    17 | D        | Killed a meat berserker
    17 | D        | Reached XP level 18. HP: 181/190 MP: 5/41
    18 | D        | Killed a meat berserker
    18 | D        | Acquired Makhleb's fifth power
    18 | D        | Reached skill level 10 in Armour
    19 | D        | Noticed a large bag of meat
    19 | D        | Noticed a destroyer
    19 | D        | Noticed a destroyer
    21 | D        | Noticed a bag of meat
    23 | D        | Noticed a destroyer
    23 | D        | Noticed a large bag of meat
    23 | D        | Noticed a bag of meat
    24 | D        | Noticed a bag of meat
    24 | D        | Noticed a bag of meat
    24 | D        | Noticed a bag of meat
    24 | D        | Noticed a bag of meat
    24 | D        | Noticed a bag of meat
    25 | D        | Noticed a bag of meat
    25 | D        | Noticed a bag of meat
    25 | D        | Noticed a bag of meat
    25 | D        | Noticed a bag of meat
    25 | D        | Noticed a bag of meat
    25 | D        | Noticed a bag of meat
    25 | D        | Noticed a bag of meat
    26 | D        | Noticed a bag of meat
    26 | D        | Noticed a bag of meat
    26 | D        | Noticed a meat berserker
    26 | D        | Noticed a bag of meat
    26 | D        | Noticed a bag of meat
    26 | D        | Killed a large bag of meat
    26 | D        | Reached skill level 15 in Axes
    26 | D        | Reached skill level 10 in Throwing
    26 | D        | Reached XP level 19. HP: 157/204 MP: 8/43
    27 | D        | Noticed a bag of meat
    27 | D        | Noticed a bag of meat
    27 | D        | Noticed a bag of meat
    27 | D        | Noticed a bag of meat
    27 | D        | Noticed a destroyer
    27 | D        | Noticed a destroyer
    27 | D        | Killed a destroyer
    27 | D        | Reached skill level 27 in Fighting
    27 | D        | Demolished by a destroyer

Vault maps used:
D:        meatsprint

Action                   |  1- 3 |  4- 6 |  7- 9 | 10-12 | 13-15 | 16-18 | 19-21 || total
-------------------------+-------+-------+-------+-------+-------+-------+-------++-------
Melee: Executioner's axe |     1 |       |       |       |     4 |     5 |     1 ||    11
